 Dungeon Crawl Stone Soup version 0.20-a0-791-gf6451d4 (webtiles) character file.

26800 Amciq the Severer (level 13, -1/150 HPs)
             Began as a Hill Orc Fighter on Mar 1, 2017.
             Was a High Priest of Beogh.
             Slain by a four-headed hydra (3 damage)
             ... on level 4 of the Lair of Beasts.
             The game lasted 00:39:11 (15050 turns).

Amciq the Severer (Hill Orc Fighter)               Turns: 15050, Time: 00:39:11

Health: -1/150     AC: 16    Str: 25    XL:     13   Next: 28%
Magic:  21/21      EV:  2    Int:  8    God:    Beogh [*****.]
Gold:   846        SH:  0    Dex:  9    Spells: 12/12 levels left

rFire    . . .     SeeInvis +   a - +1 war axe
rCold    . . .     Gourm    .   b - +0 scale mail
rNeg     + + +     Faith    .   c - +0 shield
rPois    ∞         Spirit   .   n - +0 helmet
rElec    .         Reflect  .   t - +2 cloak {MR+}
rCorr    .         Harm     .   y - +2 pair of gloves "Plog" {rPois Stlth+}
MR       +++..                  (no boots)
Stlth    +.........             (no amulet)
Regen    0.4/turn               i - ring of protection from magic
MPRegen  0.2/turn               D - ring of see invisible

@: petrified, drained
A: walk on water, large bone plates 1, clumsy 1, magic resistance 1, robust 2,
strong 1
a: Smiting, Recall Orcish Followers, Give Item to Named Follower, Renounce
Religion


You were on level 4 of the Lair of Beasts.
You worshipped Beogh.
Beogh was extremely pleased with you.
You were hungry.

You visited 2 branches of the dungeon, and saw 15 of its levels.

You collected 846 gold pieces.

Inventory:

Hand Weapons
 a - a +1 war axe (weapon)
Armour
 b - a +0 scale mail (worn)
 c - a +0 shield (worn)
 n - a +0 helmet (worn)
 t - a +2 cloak of magic resistance (worn)
 y - the +2 pair of gloves "Plog" (worn) {rPois Stlth+}
   (You found it on level 9 of the Dungeon)

   It protects you from poison.
   It makes you more stealthy.
Jewellery
 i - a ring of protection from magic (right hand)
 v - an uncursed ring of poison resistance
 D - a ring of see invisible (left hand)
 F - an uncursed amulet of the gourmand {unknown}
Wands
 C - a wand of confusion (22/48)
 H - a wand of random effects (17/48)
Scrolls
 d - a scroll of enchant armour
 g - 4 scrolls of recharging
 h - 5 scrolls of teleportation
 j - a scroll of magic mapping
 o - 3 scrolls of fog
 q - 3 scrolls of remove curse
 s - a scroll of amnesia
 u - 3 scrolls of enchant weapon
 J - a scroll of identify
Potions
 e - 2 potions of resistance
 k - 2 potions of curing
 l - 2 potions of might
 r - a potion of heal wounds
 w - a potion of berserk rage
 x - 2 potions of cancellation
 z - 3 potions of brilliance {unknown}
 A - a potion of flight {unknown}
 E - 2 potions of lignification
 I - a potion of magic
 K - a potion of agility {unknown}
Books
 m - a book of Battle

   Spells                             Type                      Level
   a - Infusion                       Charms                       1
   b - Shroud of Golubria             Charms/Translocation         2
   c - Song of Slaying                Charms                       2
   d - Spectral Weapon                Hexes/Charms                 3
   e - Regeneration                   Charms/Necromancy            3
Comestibles
 f - 7 bread rations
 p - 12 fruits
 B - 5 meat rations
 G - 6 royal jellies
 L - 5 chunks of flesh


   Skills:
 * Level 14.5(14.2) Fighting
 * Level 15.7(15.4) Axes
 + Level 9.6(9.3) Armour
 + Level 9.7(9.5) Shields
 * Level 10.7(10.4) Invocations


You had 12 spell levels left.
You didn't know any spells.

Dungeon Overview and Level Annotations

Branches:
Dungeon (11/15)            Temple (0/1) D:6            Lair (4/6) D:11
 Shoals (0/4) Lair:3        Snake (0/4) Lair:2          Orc (0/2) D:10

Altars:
Cheibriados
Trog
Zin
Beogh


Innate Abilities, Weirdness & Mutations

You can walk on water.
You are partially covered in large bone plates. (SH +4)
You are clumsy. (Dex -2)
You are resistant to hostile enchantments. (MR+)
You are very robust. (+20% HP)
Your muscles are strong. (Str +2)


Message History

* * * LOW HITPOINT WARNING * * *
The four-headed hydra bites you.
* * * LOW HITPOINT WARNING * * *
The catoblepas breathes a plume of calcifying dust at you.
The blast of calcifying dust hits you!
* * * LOW HITPOINT WARNING * * *
The blast of calcifying dust hits Marbaugh.
You are engulfed in calcifying dust.
Marbaugh is engulfed in calcifying dust.
The catoblepas gores you.
* * * LOW HITPOINT WARNING * * *
The four-headed hydra bites you but does no damage.
The four-headed hydra completely misses you.
The four-headed hydra bites you but does no damage.
The four-headed hydra bites you.
* * * LOW HITPOINT WARNING * * *
You are engulfed in calcifying dust.
Marbaugh is engulfed in calcifying dust.
The four-headed hydra bites you.
You die...

#.#..###### #. ##(.#.#
..# ##. #..#### ..# #..##
###..# ..## #..# .....###
###... .# #.#. ..#.#..#
#....##.# #.#. #..##..#
.k..... #.#. #.##..###
#YD.# ##... #....####. ##
#@#.# #.... #...##
#P.##.###o..## ### #.##.
##..## #.[##.......#.
#.P# #.#.# #P..#
#.......§.....#....##..##
##.##
####P†.#§.....#..........
#.#####
##.†.#^................
#..##.#
#.#..##...#....#.......
#.....# ##..##
..##.#.......... ###.#.#
#..## ### #..#.......


You could see a catoblepas, a four-headed hydra, a rime drake and the friendly
Marbaugh the orc knight (petrified).

Vanquished Creatures
  Josephine (Lair:4)
  2 hydras
  A two-headed ogre (D:10)
  2 death yaks (Lair:3)
  2 black mambas (Lair:2)
  A spiny frog (Lair:3)
  3 komodo dragons
  A rime drake (Lair:4)
  A polar bear (Lair:4)
  6 hippogriffs
  6 blink frogs (Lair:4)
  A dream sheep (Lair:3)
  4 wyverns
  9 yaks
  4 hogs (D:7)
  2 basilisks
  A human (D:7)
  Grum (D:11)
  5 water moccasins
  Duvessa (D:5)
  4 porcupines
  A hell hound (Lair:4)
  6 ice beasts
  An eye of draining (D:9)
  4 sky beasts
  2 black bears
  A necrophage (D:10)
  4 orc warriors
  7 ogres
  A centaur (D:10)
  5 wolves
  A crocodile (Lair:2)
  The ghost of Espgualade the Magician, an amateur TeIE (D:3)
  5 big kobolds
  7 bullfrogs
  A wyvern zombie (D:9)
  A wyvern skeleton (D:7)
  Dowan (D:5)
  6 scorpions
  9 killer bees
  2 crimson imps
  5 howler monkeys
  A centaur zombie (D:9)
  A quasit (D:8)
  3 bullfrog skeletons
  6 orc priests
  7 hounds
  3 jellies
  A bullfrog zombie (D:9)
  3 gnoll shamans
  Crazy Yiuf (D:2)
  Ijyb (D:2)
  5 orc wizards
  Jessica (D:2)
  2 iguanas (Lair:2)
  4 worker ants
  Robin (D:2)
  A howler monkey skeleton (D:7)
  13 adders
  14 gnolls
  A shadow imp (D:7)
  5 oozes
  An adder zombie (D:5)
  3 worms
  3 dart slugs
  7 leopard geckos
  31 orcs
  11 bats
  5 giant cockroaches
  20 goblins
  11 hobgoblins
  22 jackals
  A quokka (D:3)
  3 ball pythons
  6 frilled lizards
  A jackal skeleton (D:6)
  A jackal zombie (D:5)
  6 kobolds
  A leopard gecko skeleton (D:8)
  2 leopard gecko zombies
  14 rats
  2 plants
354 creatures vanquished.

Vanquished Creatures (collateral kills)
  Harold (Lair:3)
  2 hydras
  2 death yaks (Lair:3)
  Urug (Lair:4)
  An elephant (D:11)
  4 black mambas
  5 spiny frogs
  A rime drake (Lair:3)
  2 komodo dragons
  A blink frog (Lair:4)
  2 hippogriffs (Lair:2)
  5 dream sheep (Lair:3)
  4 wraiths (Lair:4)
  2 wyverns (Lair:4)
  15 yaks
  2 basilisks (Lair:4)
  11 water moccasins
  3 porcupines
  An orc warrior (D:10)
  4 wolves
  2 centaurs
  4 crocodiles
  A big kobold (D:11)
  3 bullfrogs
  4 killer bees (D:10)
  3 howler monkeys (D:10)
  A crimson imp (D:11)
  2 orc priests (D:10)
  A centaur skeleton (D:10)
  4 iguanas (Lair:2)
  A worker ant zombie (D:10)
  An adder (Lair:2)
  2 orcs (D:10)
  2 kobolds (D:11)
  2 fungi
  A plant (Lair:2)
103 creatures vanquished.

Vanquished Creatures (others)
  2 orc knights
  A gnoll shaman (D:6)
  12 orcs
  5 fungi (D:7)
  11 plants
31 creatures vanquished.

Grand Total: 488 creatures vanquished

Notes
Turn   | Place    | Note
-------+----------+-------------------------------------------
     0 | D:1      | Amciq the Hill Orc Fighter began the quest for the Orb.
     0 | D:1      | Reached XP level 1. HP: 19/19 MP: 1/1
    26 | D:1      | Reached skill level 3 in Axes
    42 | D:1      | Reached XP level 2. HP: 8/27 MP: 2/2
   348 | D:1      | Reached XP level 3. HP: 32/33 MP: 3/3
   702 | D:2      | Noticed Robin
  1115 | D:1      | Reached skill level 4 in Axes
  1155 | D:2      | Reached XP level 4. HP: 39/41 MP: 4/4
  1202 | D:2      | Killed Robin
  1291 | D:2      | Found a bloodstained altar of Trog.
  1439 | D:2      | Noticed Ijyb
  1465 | D:2      | Killed Ijyb
  1465 | D:2      | Reached XP level 5. HP: 43/47 MP: 5/5
  1520 | D:2      | Noticed Jessica
  1523 | D:2      | Killed Jessica
  1679 | D:2      | Found a runed door.
  2135 | D:2      | Noticed Crazy Yiuf
  2139 | D:2      | Killed Crazy Yiuf
  2201 | D:2      | Reached skill level 5 in Fighting
  2205 | D:3      | Found a glowing silver altar of Zin.
  2216 | D:3      | Reached skill level 5 in Axes
  2370 | D:3      | Noticed Espgualade's ghost (amateur TeIE)
  2382 | D:3      | Killed Espgualade's ghost
  2382 | D:3      | Reached XP level 6. HP: 3/56 MP: 6/6
  3670 | D:4      | Reached skill level 10 in Fighting
  3670 | D:4      | Reached skill level 10 in Axes
  3670 | D:4      | Reached XP level 7. HP: 72/72 MP: 7/7
  3781 | D:3      | Reached skill level 11 in Axes
  4178 | D:5      | Entered Level 5 of the Dungeon
  4209 | D:5      | Reached XP level 8. HP: 63/80 MP: 8/8
  4733 | D:5      | Noticed Dowan
  4734 | D:5      | Noticed Duvessa
  4744 | D:5      | Killed Dowan
  4760 | D:5      | Killed Duvessa
  5552 | D:6      | Found a staircase to the Ecumenical Temple.
  5553 | D:6      | Became a worshipper of Beogh the Brigand
  6091 | D:6      | Reached XP level 9. HP: 86/86 MP: 9/9
  6244 | D:7      | Found a snail-covered altar of Cheibriados.
  6676 | D:7      | Reached skill level 1 in Invocations
  6969 | D:7      | Reached * piety under Beogh
  7038 | D:7      | Reached skill level 12 in Axes
  7559 | D:7      | Reached XP level 10. HP: 92/96 MP: 11/11
  8471 | D:8      | Reached ** piety under Beogh
  8658 | D:8      | Found a glowing silver altar of Zin.
  8710 | D:8      | Gained mutation: Your body sometimes deteriorates upon taking damage. [mutagenic meat]
  8711 | D:8      | Gained mutation: Armour fits poorly on your strangely shaped body. [mutagenic meat]
  8712 | D:8      | Gained mutation: You are covered in fur. (AC +1) [mutagenic meat]
  8713 | D:8      | Gained mutation: You are partially covered in large bone plates. (SH +4) [mutagenic meat]
  8714 | D:8      | Gained mutation: Your body often deteriorates upon taking damage. [mutagenic meat]
 10011 | D:9      | Lost mutation: Your body often deteriorates upon taking damage. [potion of mutation]
 10011 | D:9      | Lost mutation: Your body sometimes deteriorates upon taking damage. [potion of mutation]
 10011 | D:9      | Lost mutation: You are partially covered in large bone plates. (SH +4) [potion of mutation]
 10011 | D:9      | Lost mutation: You are covered in fur. (AC +1) [potion of mutation]
 10011 | D:9      | Gained mutation: You are clumsy. (Dex -2) [potion of mutation]
 10011 | D:9      | Gained mutation: You are partially covered in large bone plates. (SH +4) [potion of mutation]
 10011 | D:9      | Gained mutation: Your muscles are strong. (Str +2) [potion of mutation]
 10011 | D:9      | Gained mutation: You are resistant to hostile enchantments. (MR+) [potion of mutation]
 10012 | D:9      | Lost mutation: Armour fits poorly on your strangely shaped body. [potion of mutation]
 10012 | D:9      | Gained mutation: You are robust. (+10% HP) [potion of mutation]
 10012 | D:9      | Gained mutation: You are very robust. (+20% HP) [potion of mutation]
 10377 | D:9      | Reached *** piety under Beogh
 10404 | D:9      | Reached skill level 13 in Axes
 10404 | D:9      | Reached XP level 11. HP: 120/124 MP: 14/14
 10409 | D:9      | Found a bloodstained altar of Trog.
 10477 | D:9      | Got a pair of polished gloves
 10483 | D:9      | Identified the +2 pair of gloves "Plog" {rPois Stlth+} (You found it on level 9 of the Dungeon)
 10807 | D:10     | Entered Level 10 of the Dungeon
 10825 | D:10     | Reached skill level 5 in Invocations
 10964 | D:10     | Found a roughly hewn altar of Beogh.
 10966 | D:10     | Found a staircase to the Orcish Mines.
 11047 | D:10     | Noticed a two-headed ogre
 11056 | D:10     | Killed a two-headed ogre
 11090 | D:10     | Gained Blodwig as an ally
 11120 | D:10     | Reached **** piety under Beogh
 11498 | D:11     | Noticed Grum
 11513 | D:11     | Killed Grum
 11678 | D:11     | Found a staircase to the Lair.
 11825 | Lair:1   | Entered Level 1 of the Lair of Beasts
 12269 | Lair:1   | Noticed an eight-headed hydra
 12282 | Lair:1   | Killed a seven-headed hydra
 12395 | Lair:2   | Reached skill level 14 in Axes
 12419 | Lair:2   | Found a staircase to the Snake Pit.
 12437 | Lair:2   | Gained Marbaugh as an ally
 12470 | Lair:2   | Noticed a six-headed hydra
 12559 | Lair:2   | Killed a nine-headed hydra
 12559 | Lair:2   | Reached ***** piety under Beogh
 12559 | Lair:2   | Reached XP level 12. HP: 112/138 MP: 17/17
 12895 | Lair:2   | Noticed an eight-headed hydra
 12902 | Lair:2   | Killed an 11-headed hydra
 13538 | Lair:3   | Found a staircase to the Shoals.
 13744 | Lair:3   | Noticed a four-headed hydra
 13749 | Lair:3   | Killed a four-headed hydra
 14021 | Lair:3   | Noticed a death yak
 14021 | Lair:3   | Noticed a death yak
 14022 | Lair:3   | Reached skill level 15 in Axes
 14023 | Lair:3   | Noticed a death yak
 14029 | Lair:3   | Noticed a death yak
 14031 | Lair:3   | Killed a death yak
 14044 | Lair:3   | Killed a death yak
 14046 | Lair:3   | Killed a death yak
 14049 | Lair:3   | Noticed Harold
 14056 | Lair:3   | Reached skill level 10 in Invocations
 14066 | Lair:3   | Killed Harold
 14077 | Lair:3   | Killed a death yak
 14432 | Lair:4   | Noticed Urug
 14438 | Lair:4   | Noticed Josephine
 14443 | Lair:4   | Killed Urug
 14443 | Lair:4   | Reached XP level 13. HP: 146/148 MP: 20/20
 14449 | Lair:4   | Your ally Blodwig died
 14454 | Lair:4   | Killed Josephine
 15048 | Lair:4   | HP: 5/150 [catoblepas/blast of calcifying dust (3)]
 15049 | Lair:4   | HP: 2/150 [catoblepas (3)]
 15050 | Lair:4   | Slain by a four-headed hydra

Vault maps used:
D:1:      minmay_arrival_open_corners
D:2:      hangedman_feature_mirror, trog_hazing_becter, uniq_crazy_yiuf_cottage,
          uniq_jessica, uniq_iyjb, uniq_robin
D:3:      nicolae_overflow_crystal_walls, serial_park_tiny_2
D:5:      first_bread, nrook_mini_backslash, uniq_duvessa
D:6:      temple_green
D:7:      kennysheep_seaside_town, grunt_livestock, hangedman_decor_slide_cut,
          cheibrodos_worm_habitat
D:8:      basic_altar, grunt_decor_arrowhead, minmay_misc_feat_plants,
          grunt_ministairs_4, minmay_misc_feat_roman
D:9:      bloody_trog, nicolae_overflow_hidden_temple
D:10:     david_orc_5
D:11:     david_lair_generic, basic_altar, uniq_grum
Lair:2:   beast_lair_carwin_large_3, minmay_snake_entry_six_corridors,
          lemuel_fruit_tree
Lair:3:   shoals_dummy_entry, beast_lair_carwin_4, grunt_megastairs_3,
          uniq_harold
Lair:4:   special_room, uniq_josephine, uniq_urug

Skill      XL: |  1  2  3  4  5  6  7  8  9 10 11 12 |
---------------+-------------------------------------+-----
Axes           | 3 4 5 10 11 12 13 14 15 | 15.7
Fighting       | 4 5 10 11 12 13 14 | 14.5
Armour         | 4 7 8 9 |  9.6
Shields        | 4 7 8 9 |  9.7
Invocations    | 2 4 7 10 | 10.7

Action                   |  1- 3 |  4- 6 |  7- 9 | 10-12 | 13-15 || total
-------------------------+-------+-------+-------+-------+-------++-------
Melee: War axe           |   108 |   164 |   365 |   662 |    98 ||  1397
Invok: Convert to Beogh  |       |       |     1 |       |       ||     1
       Recall Orcish Fol |       |       |       |     2 |     1 ||     3
       Smiting           |       |       |       |     4 |       ||     4
  Use: Potion            |       |     2 |     2 |     3 |       ||     7
       Scroll            |       |     4 |     1 |    16 |       ||    21
 Stab: Distracted        |       |       |       |     2 |     3 ||     5
  Eat: Chunk             |     1 |     8 |    13 |    28 |     2 ||    52
Armor: Scale mail        |    75 |    71 |   118 |   178 |    35 ||   477
Dodge: Dodged            |    37 |    42 |    85 |   135 |    18 ||   317
Block: Shield            |    73 |    73 |   191 |   475 |    62 ||   874
